 Seeded DCSS version 0.29-a0-284-gf9362112df (webtiles) character file.

Game seed: 20220324 (custom seed)

12 ImHallYall the Skirmisher (level 2, 0/23 (24) HPs)
             Began as a Demonspawn Abyssal Knight on Mar 24, 2022.
             Was a Believer of Lugonu.
             Slain by Crazy Yiuf
             ... wielding a +3 quarterstaff of chaos
              (12 damage)
             ... on level 2 of the Dungeon.
             The game lasted 00:02:14 (992 turns).

ImHallYall the Skirmisher (DsAK)                     Turns: 992, Time: 00:02:14

HP:   0/23 (24)     AC:  3    Str: 13    XL:     2   Next: 20%
MP:   3/3           EV: 13    Int: 11    God:    Lugonu [**....]
Gold: 63            SH:  0    Dex: 13    Spells: 1/1 levels left

rFire   . . .      SeeInvis .   a - +1 spear
rCold   . . .      Faith    .   (no shield)
rNeg    . . .      Spirit   .   b - +0 leather armour
rPois   .          Reflect  .   (no helmet)
rElec   .          Harm     .   (no cloak)
rCorr   .          Rampage  .   (no gloves)
Will    .....                   (no boots)
Stlth   +.........              (no amulet)
HPRegen 0.07/turn               (no ring)
MPRegen 0.08/turn               (no ring)

@: lightly drained
A: repulsion field 1
a: Renounce Religion, Depart the Abyss, Bend Space


You were on level 2 of the Dungeon.
You worshipped Lugonu.
Lugonu was pleased with you.
You visited 1 branch of the dungeon, and saw 2 of its levels.
You visited the Abyss 1 time.

You collected 63 gold pieces.

Inventory:

Hand Weapons
 a - a +1 spear (weapon)
 c - a +0 arbalest
Armour
 b - a +0 leather armour (worn)
Scrolls
 d - a scroll of teleportation {unknown}


   Skills:
 + Level 3.2 Fighting
 + Level 2.2 Polearms
 + Level 1.8 Armour
 + Level 0.8 Dodging
 + Level 2.5 Invocations


You had one spell level left.
You didn't know any spells.
Your spell library was empty.

Dungeon Overview and Level Annotations

Branches:
Dungeon (2/15)

Altars:

Annotations:
D:2 Crazy Yiuf


Innate Abilities, Weirdness & Mutations

You are surrounded by a mild repulsion field. (EV +2)


Message History

You begin to radiate repulsive energy.
You now have 55 gold pieces (gained 15).
You now have 63 gold pieces (gained 8).
Found a stone staircase leading up.
You hit the fungus.
The fungus begins to die.
The fungus is lightly damaged.
You hit the fungus.
The fungus is lightly damaged.
You hit the fungus.
The fungus is lightly damaged.
A nearby fungus withers and dies.
You hit the fungus.
The fungus begins to die.
The fungus is lightly damaged.
You hit the fungus.
The fungus is lightly damaged.
You hit the fungus.
The fungus is lightly damaged.
You hit the fungus. You punch the fungus, but do no damage.
The fungus is lightly damaged.
A nearby fungus withers and dies.
You start resting.
HP restored.
You start waiting.
Done waiting.
You start waiting.
Done waiting.
You start waiting.
Done waiting.
You start waiting.
Done waiting.
Found a mace.
Found a runed translucent door.
Crazy Yiuf shouts!
You open the door. You barely miss Crazy Yiuf.
Crazy Yiuf hits you with a +3 quarterstaff of chaos!
You feel drained. Crazy Yiuf attacks as you move away!
Crazy Yiuf hits you with a +3 quarterstaff of chaos!
Ouch! That really hurt!
You die...

#####
#..)#
#...#
...
#g#
♣♣@♣
♣.♣♣
♣♣.♣
♣.♣♣
♣♣.♣♣
♣...♣♣
♣P...♣
#....#
##..##


You could see Crazy Yiuf.

Vanquished Creatures
  An adder (D:2)
  A ball python (D:2)
  A quokka (D:2)
  A frilled lizard (D:2)
4 creatures vanquished.

Vanquished Creatures (others)
  3 fungi (D:2)
  3 withered plants (D:2)
6 creatures vanquished.

Grand Total: 10 creatures vanquished

Notes
Turn   | Place    | Note
-------+----------+-------------------------------------------
     0 | Abyss:1  | ImHallYall the Demonspawn Abyssal Knight began the quest
                  | for the Orb.
     0 | Abyss:1  | Reached XP level 1. HP: 18/18 MP: 2/2
    24 | D:1      | Escaped the Abyss
   424 | D:2      | Gained mutation: You are surrounded by a mild repulsion
                  | field. (EV +2) [demonic ancestry]
   424 | D:2      | Reached XP level 2. HP: 11/24 MP: 3/3
   986 | D:2      | Found a runed translucent door.
   987 | D:2      | Noticed Crazy Yiuf
   992 | D:2      | Slain by Crazy Yiuf

Illustrated notes

Levels and vault maps discovered:
D:1:      dpeg_arrival_simpleton_b, layout_basic, minmay_misc_feat_five
D:2:      layout_rooms, ebering_ecumenical_altar_petrified,
          uniq_crazy_yiuf_cottage

Skill      XL: |  1 |
---------------+----+-----
Polearms       | 2 |  2.2
Fighting       | |  3.2
Armour         | |  1.8
Dodging        | |  0.8
Invocations    | |  2.5

Action                   || total
-------------------------++-------
Melee: Spear             ||    29
       Punch             ||     1
Armor: Leather armour    ||     7
Dodge: Dodged            ||    18

Table legend: (Time is in decaauts)
 A = Elapsed time spent in this place.
 B = Non-inter-level travel time spent in this place.
 C = Inter-level travel time spent in this place.
 D = Time resting spent in this place.
 E = Time spent auto-exploring this place.
 F = Levels seen in this place.
 G = Mean time per level.
                   A        B        C        D        E       F      G
               +--------+--------+--------+--------+--------+-----+--------+
         Total |    991 |    991 |      0 |    728 |      0 |   3 |  330.3 |
       Dungeon |    967 |    967 |      0 |    728 |      0 |   2 |  483.5 |
         Abyss |     24 |     24 |      0 |      0 |      0 |   1 |   24.0 |
               +--------+--------+--------+--------+--------+-----+--------+

Top non-repeatable levels by time:
     D:2: 881 daAuts
     D:1: 85 daAuts
 Abyss:1: 24 daAuts
